 Dungeon Crawl Stone Soup version 0.23.2-33-g5129a83184 (webtiles) character file.

Game seed: 17541426930881932742

70 kae the Firebug (level 4, 0/24 HPs)
             Began as a Tengu Fire Elementalist on July 17, 2019.
             Slain by a wight
             ... wielding a +0 dagger
              (6 damage)
             ... on level 3 of the Dungeon.
             The game lasted 00:02:02 (2169 turns).

kae the Firebug (Tengu Fire Elementalist)           Turns: 2169, Time: 00:02:03

Health: 0/24       AC:  2    Str:  8    XL:     4   Next: 21%
Magic:  1/8        EV: 12    Int: 17    God:
Gold:   148        SH:  0    Dex: 14    Spells: 2/8 levels left

rFire    . . .     SeeInvis .   b - +0 whip
rCold    . . .     Gourm    .   (no shield)
rNeg     . . .     Faith    .   a - +0 robe
rPois    .         Spirit   .   (helmet restricted)
rElec    .         Reflect  .   (no cloak)
rCorr    .         Harm     .   (no gloves)
MR       .....                  (boots unavailable)
Stlth    ++........             (no amulet)
HPRegen  0.08/turn              (no ring)
MPRegen  0.11/turn              (no ring)

@: very slightly contaminated, lightly drained
A: beak, talons 3
a: no special abilities


You were on level 3 of the Dungeon.
You were not hungry.

You visited 1 branch of the dungeon, and saw 3 of its levels.

You collected 148 gold pieces.

Inventory:

Hand Weapons
 b - a +0 whip (weapon)
Armour
 a - a +0 robe (worn)
Jewellery
 i - an uncursed amulet of harm
Scrolls
 k - a scroll of blinking {unknown}
 l - 2 scrolls of identify
Potions
 d - a potion of agility {unknown}
 e - a potion of degeneration {unknown}
 f - a potion of cancellation {unknown}
 g - a potion of curing
 h - 2 potions of lignification {unknown}
Comestibles
 c - 4 rations
 j - 2 chunks of flesh


   Skills:
 - Level 2.1(1.9) Dodging
 - Level 2.0(1.7) Stealth
 + Level 2.5(2.2) Spellcasting
 * Level 3.4(3.1) Conjurations
 * Level 4.2(3.9) Fire Magic


You had 2 spell levels left.
You knew the following spells:

 Your Spells              Type           Power        Failure   Level  Hunger
a - Flame Tongue          Conj/Fire      ##...        4%          1    #......
b - Throw Flame           Conj/Fire      ##....       7%          2    ###....
c - Conjure Flame         Conj/Fire      ##......     13%         3    ###....

Your spell library contained the following spells:

 Spells                   Type           Power        Failure   Level  Hunger
 Inner Flame              Hex/Fire       #.......     26%         3    ###....
 Sticky Flame             Conj/Fire      ##......     41%         4    #####..
 Fireball                 Conj/Fire      ##........   77%         5    ######.


Dungeon Overview and Level Annotations

Branches:
Dungeon (3/15)

Altars:
Ru


Innate Abilities, Weirdness & Mutations

You have a beak for a mouth.
You have claws for feet.


Message History

Aim: a wight, wielding a +0 dagger and wearing a +0 robe The flame tongue misses the wight.
The wight hits you with a +0 dagger!
You feel drained.
* * * LOW HITPOINT WARNING * * *
Casting: Flame Tongue (safe; 4% risk of failure)
Confirm with . or Enter, or press ? or * to list all spells.
Aiming: Flame Tongue (safe; 4% risk of failure)
Press: ? - help, Shift-Dir - straight line, f/p - wight
Aim: a wight, wielding a +0 dagger and wearing a +0 robe The flame tongue hits the wight but does no damage.
The wight hits you but does no damage.
Casting: Flame Tongue (safe; 4% risk of failure)
Confirm with . or Enter, or press ? or * to list all spells.
Aiming: Flame Tongue (safe; 4% risk of failure)
Press: ? - help, Shift-Dir - straight line, f/p - wight
Aim: a wight, wielding a +0 dagger and wearing a +0 robe The flame tongue hits the wight.
The wight is moderately damaged.
The wight hits you with a +0 dagger.
You die...

#.#
#.......##.....#
#.#
#.....[.##.#.###
#.#
#.......##.#.#
#.........#
####.##.###
#[#####.##.#
........##.#
#..######$##.#
......z@..##.#
#..#####.....#
##.#### ..# ###


You could see a wight.

Vanquished Creatures
  An adder (D:2)
  An ooze (D:2)
  4 ball pythons
  8 bats
  3 giant cockroaches (D:2)
  6 hobgoblins
  3 jackals (D:3)
  A quokka (D:3)
  2 frilled lizards
  8 goblins
  5 kobolds
  13 rats
55 creatures vanquished.

Notes
Turn   | Place    | Note
-------+----------+-------------------------------------------
     0 | D:1      | kae the Tengu Fire Elementalist began the quest for the
                  | Orb.
     0 | D:1      | Reached XP level 1. HP: 10/10 MP: 4/4
   147 | D:1      | Reached XP level 2. HP: 15/15 MP: 0/6
   555 | D:1      | Reached XP level 3. HP: 19/19 MP: 3/7
  1223 | D:2      | Found a sacrificial altar of Ru.
  1323 | D:2      | Reached skill level 4 in Fire Magic
  1327 | D:2      | Learned a level 2 spell: Throw Flame
  1331 | D:2      | Learned a level 3 spell: Conjure Flame
  1600 | D:2      | Reached XP level 4. HP: 24/24 MP: 3/8
  2169 | D:3      | Slain by a wight

Skill      XL: |  1  2  3 |
---------------+----------+-----
Conjurations   | 2 3 |  3.4
Fire Magic     | 4 |  4.2
Dodging        | |  2.1
Stealth        | |  2.0
Spellcasting   | |  2.5

Action                   |  1- 3 |  4- 6 || total
-------------------------+-------+-------++-------
Melee: Kick              |    10 |     1 ||    11
       Unarmed           |     2 |       ||     2
       Whip              |    39 |     3 ||    42
       Peck              |     1 |       ||     1
 Cast: Flame Tongue      |    53 |    25 ||    78
  Use: Scroll            |     2 |       ||     2
 Stab: Sleeping          |     2 |       ||     2
  Eat: Chunk             |     2 |     3 ||     5
Armor: Robe              |    26 |     4 ||    30
Dodge: Dodged            |    50 |    14 ||    64
